 Dungeon Crawl Stone Soup version 0.23-a0-550-g7de1f8e (webtiles) character file.

91 zishaf the Changer (level 4, 0/23 HPs)
             Began as a Vine Stalker Transmuter on Dec 10, 2018.
             Succumbed to an adder's poison
             ... on level 3 of the Dungeon.
             The game lasted 00:03:50 (2388 turns).

zishaf the Changer (Vine Stalker Transmuter)        Turns: 2388, Time: 00:03:50

Health: 0/23       AC:  5    Str: 14    XL:     4   Next: 59%
Magic:  3/8        EV: 11    Int: 14    God:
Gold:   161        SH:  0    Dex: 15    Spells: 6/7 levels left

rFire    + . .     SeeInvis .     - Unarmed
rCold    + . .     Gourm    .   (no shield)
rNeg     . . .     Faith    .   j - +0 ring mail
rPois    +         Spirit   +   (no helmet)
rElec    +         Reflect  .   k - scarf {Spirit}
rCorr    +         Harm     .   (no gloves)
MR       .....     Clarity  +   (no boots)
Stlth    +.........             (no amulet)
HPRegen  0.47/turn              (no ring)
MPRegen  0.11/turn              (no ring)

@: lethally poisoned (0 -> -4), resistant
A: fangs 2, clarity, regeneration 1, strong 1, magic shield, antimagic bite, no
potion heal 3, rot immunity
a: no special abilities


You were on level 3 of the Dungeon.
You were not hungry.

You visited 1 branch of the dungeon, and saw 3 of its levels.

You collected 161 gold pieces.

Inventory:

Hand Weapons
 a - a +1 hunting sling of flaming
Missiles
 g - 41 arrows
 i - 62 stones (quivered)
 m - 26 sling bullets
Armour
 h - a +0 plate armour
 j - a +0 ring mail (worn)
 k - a scarf of spirit shield (worn)
 o - a cursed +0 robe
Scrolls
 b - 3 scrolls of teleportation {unknown}
 c - 4 scrolls of identify {unknown}
 e - 2 scrolls of blinking {unknown}
 f - a scroll of remove curse {unknown}
Potions
 n - a potion of resistance
Comestibles
 d - 8 rations
 l - 2 chunks of flesh


   Skills:
 + Level 2.2 Fighting
 - Level 1.5 Dodging
 - Level 3.0 Unarmed Combat
 - Level 2.1 Spellcasting
 * Level 4.0 Transmutations


You had 6 spell levels left.
You knew the following spells:

 Your Spells              Type           Power        Failure   Level  Hunger
a - Beastly Appendage     Tmut           ##....       10%         1    #......

Your spell library contained the following spells:

 Spells                   Type           Power        Failure   Level  Hunger
 Sticks to Snakes         Tmut           ##......     14%         2    ###....
 Magic Dart               Conj           #...         43%         1    #......
 Spider Form              Tmut/Pois      #.........   54%         3    ###....
 Blink                    Tloc           N/A          58%         2    ###....
 Call Imp                 Summ           #.......     58%         2    ###....
 Slow                     Hex            #.......     58%         2    ###....
 Conjure Flame            Conj/Fire      #.......     82%         3    ###....
 Mephitic Cloud           Conj/Pois/Air  #.......     82%         3    ###....
 Ice Form                 Ice/Tmut       #.......     91%         4    #####..
 Blade Hands              Tmut           ##........   95%         5    ######.


Dungeon Overview and Level Annotations

Branches:
Dungeon (3/15)

Altars:
Nemelex Xobeh
Vehumet
Zin


Innate Abilities, Weirdness & Mutations

You have extremely sharp teeth.
Your natural rate of healing is unusually fast.
When hurt, damage is shared between your health and your magic reserves.
Your bite disrupts and absorbs the magic of your enemies.
Potions cannot restore your health.
You are immune to rotting.
You possess an exceptional clarity of mind.
Your muscles are strong. (Str +2)


Message History

You are more poisoned.
The adder poisons you!
You closely miss the adder. You bite the adder, but do no damage.
The adder is almost dead.
* * * LOW HITPOINT WARNING * * *
You feel sick. The adder bites you but does no damage.
You hit the adder.
You kill the adder!
Your Transmutations skill increases to level 4!
* * * LOW HITPOINT WARNING * * *
You feel sick.
There is a lethal amount of poison in your body!
It was a potion of resistance.
You feel protected.
* * * LOW HITPOINT WARNING * * *
You feel sick.
There is a lethal amount of poison in your body!
It was a potion of mutation.
You feel extremely strange.
You feel stronger.
Your thoughts seem clearer.
You die...

#.# #+# #.# #.# #.#
#.# ##### #.# ##.##
##...###.#
####...###.###.##.#
........#.## ##.#.#
####...#.## ##..#
## #..##.# #@.#
.###..##.## #†##
..........# ..#
####..##.#.# .#.#
####..##.# .##.#
......##.# ## #.#
.......#.. .)#
#####..# ###
#####..#


There were no monsters in sight!

Vanquished Creatures
  3 adders
  3 worms
  3 dart slugs
  2 leopard geckos (D:2)
  8 bats
  6 goblins
  4 hobgoblins
  5 jackals
  5 kobolds
  A quokka (D:2)
  3 frilled lizards
  5 rats
48 creatures vanquished.

Notes
Turn   | Place    | Note
-------+----------+-------------------------------------------
     0 | D:1      | zishaf the Vine Stalker Transmuter began the quest for the
                  | Orb.
     0 | D:1      | Reached XP level 1. HP: 9/9 MP: 4/4
    69 | D:1      | Reached skill level 1 in Fighting
   127 | D:1      | Reached XP level 2. HP: 3/14 MP: 0/6
   728 | D:1      | Reached skill level 3 in Transmutations
   729 | D:1      | Reached XP level 3. HP: 12/18 MP: 3/7
  1841 | D:2      | Gained mutation: Your natural rate of healing is unusually
                  | fast. [Vine Stalker growth]
  1841 | D:2      | Reached XP level 4. HP: 22/23 MP: 6/8
  2059 | D:2      | Found a glowing silver altar of Zin.
  2165 | D:2      | Found a radiant altar of Vehumet.
  2239 | D:3      | Found a sparkling altar of Nemelex Xobeh.
  2386 | D:3      | Reached skill level 4 in Transmutations
  2386 | D:3      | HP: 1/23 [poisoned by an adder]
  2388 | D:3      | Gained mutation: Your muscles are strong. (Str +2) [potion
                  | of mutation]
  2388 | D:3      | Gained mutation: You possess an exceptional clarity of
                  | mind. [potion of mutation]
  2388 | D:3      | Succumbed to an adder's poison

Vault maps used:
D:1:      kilobyte_arrival_exit_the_forest, minmay_small_reverse_x
D:2:      marbit_many_paths, lemuel_coloured_pillars_altar
D:3:      nemelex_xobeh_ov_fountains_minmay, uniq_robin

Skill      XL: |  1  2  3  4 |
---------------+-------------+-----
Fighting       | 1 2 |  2.2
Transmutations | 3 4 |  4.0
Dodging        | |  1.5
Unarmed Combat | |  3.0
Spellcasting   | |  2.1

Action                   |  1- 3 |  4- 6 || total
-------------------------+-------+-------++-------
Melee: Unarmed           |    78 |    61 ||   139
       Bite              |    10 |    13 ||    23
       Punch             |     1 |       ||     1
 Fire: Hunting sling     |    32 |     9 ||    41
 Cast: Beastly Appendage |     1 |       ||     1
  Use: Potion            |       |     2 ||     2
  Eat: Chunk             |     2 |     3 ||     5
Armor: Robe              |    10 |       ||    10
       Ring mail         |    19 |    25 ||    44
Dodge: Dodged            |    49 |    33 ||    82

Table legend:
 A = Non-vault XP
 B = Vault XP
 C = Vault XP percentage of total XP
 D = Non-vault monster count
 E = Vault monster count
 F = Vault count percentage of total count
                 A         B        C        D         E       F
            +---------+---------+-------+---------+---------+-------
      Total |     123 |       8 |   6.1 |      43 |       5 |  10.4
            +---------+---------+-------+---------+---------+-------
        D:1 |      29 |       6 |  17.1 |      15 |       4 |  21.1
        D:2 |      65 |       2 |   3.0 |      20 |       1 |   4.8
        D:3 |      29 |       0 |   0.0 |       8 |       0 |   0.0
            +---------+---------+-------+---------+---------+-------
